 Dungeon Crawl Stone Soup version 0.31-a0-210-gccc998df9b (webtiles) character file.

Game seed: 4889188381224069817

97 qw the Shooter (level 4, -4/26 HPs)
             Began as a Gargoyle Hexslinger on June 30, 2023.
             Slain by a gnoll
             ... wielding a +0 flail
              (8 damage)
             ... on level 3 of the Dungeon.
             The game lasted 00:00:48 (1797 turns).

qw the Shooter (Gargoyle Hexslinger)                Turns: 1797, Time: 00:00:50

Health: -4/26      AC:  8    Str: 11    XL:     4   Next: 68%
Magic:  5/5        EV: 10    Int: 14    God:
Gold:   149        SH:  0    Dex: 14    Spells: 4/5 levels left

rFire   . . .        Y - +1 sling
rCold   . . .        (no shield)
rNeg    + . .        c - +0 ring mail
rPois   inf          (no helmet)
rElec   +            (no cloak)
rCorr   .            (no gloves)
SInv    .            (no boots)
Will    .....        e - amulet of regeneration
Stlth   +            (no ring)
HPRegen 1.04/turn    (no ring)
MPRegen 0.09/turn

%: no passive effects
@: no status effects
A: sickness immunity, AC +3, negative energy resistance 1, electricity
resistance, torment resistance 1, petrification resistance
a: no special abilities


You were on level 3 of the Dungeon.
You visited 1 branch of the dungeon, and saw 3 of its levels.

You collected 149 gold pieces.


Innate Abilities, Weirdness & Mutations

You are immune to sickness and miasma.
Your stone body is resilient. (AC +3)
You are immune to poison.
You resist negative energy. (rN+)
You are resistant to electric shocks. (rElec)
You are resistant to unholy torment.
You are immune to petrification.


   Skills:
 - Level 2.0 Fighting
 + Level 4.1 Ranged Weapons
 - Level 1.2 Armour
 - Level 1.5 Dodging
 - Level 1.0 Spellcasting
 - Level 2.6 Hexes


You had 4 spell levels left.
You knew the following spells:

 Your Spells              Type           Power      Damage    Failure   Level
a - Slow                  Hex            32%        N/A       21%         1

Your spell library contained the following spells:

 Spells                   Type           Power      Damage    Failure   Level
 Inner Flame              Hex/Fire       4%         N/A       71%         3
 Portal Projectile        Hex/Tloc       8%         N/A       71%         3
 Cause Fear               Hex            4%         N/A       90%         4

Inventory:

Hand Weapons
 Y - a +1 sling (weapon)
Armour
 c - a +0 ring mail (worn)
Jewellery
 e - an amulet of regeneration (around neck)
Scrolls
 a - 2 scrolls of identify
Potions
 b - a potion of might
 d - a potion of heal wounds {unknown}
 f - a potion of ambrosia {unknown}
 g - a potion of haste {unknown}
 h - a potion of mutation {unknown}
 i - 2 potions of curing

Dungeon Overview and Level Annotations

Branches:
Dungeon (3/15)

Altars:


Message History

The kobold hits you with a +0 club.
A gnoll comes into view. It is wielding a +0 flail.
You shoot a sling bullet.
The sling bullet hits the kobold but does no damage.
The kobold is moderately wounded.
The kobold barely misses you.
You shoot a sling bullet.
The sling bullet barely misses the kobold.
The kobold barely misses you. The kobold hits you but does no damage.
A gnoll comes into view. It is wielding a +0 whip.
You shoot a sling bullet. The sling bullet hits the kobold.
You kill the kobold!
The gnoll closely misses you.
You shoot a sling bullet.
The sling bullet closely misses the gnoll.
The gnoll barely misses you. The gnoll hits you but does no damage.
You shoot a sling bullet. The sling bullet hits the gnoll.
The gnoll is moderately wounded.
The gnoll hits you from afar with a +2 spear of freezing.
The gnoll freezes you.
The gnoll hits you from afar with a +2 spear of freezing.
The gnoll freezes you. The gnoll hits you with a +0 flail.
You shoot a sling bullet. The sling bullet hits the gnoll.
The gnoll is severely wounded.
The gnoll hits you from afar with a +2 spear of freezing.
The gnoll freezes you. The gnoll misses you. The gnoll barely misses you.
You shoot a sling bullet.
The sling bullet closely misses the gnoll.
The gnoll misses you. The gnoll hits you but does no damage.
The gnoll barely misses you.
You shoot a sling bullet.
The sling bullet hits the gnoll but does no damage.
The gnoll is severely wounded.
The gnoll closely misses you. The gnoll hits you with a +0 flail.
The gnoll barely misses you.
The gnoll hits you but does no damage. x3
You shoot a sling bullet.
The sling bullet barely misses the gnoll.
The gnoll hits you from afar with a +2 spear of freezing.
The gnoll freezes you. The gnoll misses you.
The gnoll hits you with a +0 flail!
You die...

########
#......#
#########......#
).......%......#
#########......#
# #......#
##.#..####
#..##...@#
#..##+##gg# #.##
##gg.. .. #.##.#
#+# '# .. .. ...


You could see 4 gnolls.

Vanquished Creatures
  4 adders (D:2)
  A worm (D:3)
  5 bats
  5 endoplasms
  2 giant cockroaches (D:1)
  5 goblins
  4 hobgoblins
  4 jackals (D:2)
  6 ball pythons
  2 frilled lizards
  6 kobolds
  10 rats
54 creatures vanquished.

Notes
Turn   | Place    | Note
-------+----------+-------------------------------------------
     0 | D:1      | qw the Gargoyle Hexslinger began the quest for the Orb.
     0 | D:1      | Reached XP level 1. HP: 12/12 MP: 2/2
     0 | D:1      | 0 ||| qw: Version: 0.3-a-24-ga2abf7b
     0 | D:1      | 0 ||| qw: Game counter: 7143
     0 | D:1      | 0 ||| qw: Melee chars always use a shield: true
     0 | D:1      | 0 ||| qw: God list: Okawaru
     0 | D:1      | 0 ||| qw: Allow faded altars: false
     0 | D:1      | 0 ||| qw: Do Orc after clearing Dungeon:15 true
     0 | D:1      | 0 ||| qw: Do second Lair branch before Depths: true
     0 | D:1      | 0 ||| qw: Lair rune preference: random
     0 | D:1      | 0 ||| qw: Goals: Normal
     0 | D:1      | 0 ||| PLANNING D:1-11
   304 | D:1      | Reached XP level 2. HP: 16/16 MP: 3/3
   445 | D:1      | Reached skill level 3 in Ranged Weapons
   685 | D:1      | 685 ||| UPGRADING to +0 leather armour.
   695 | D:1      | 695 ||| DROPPING +0 robe.
   696 | D:1      | 696 ||| READING scroll labelled FUOJEXIOSA.
   697 | D:1      | 697 ||| READING scroll labelled KIHUPH RUQYHIU.
   698 | D:1      | 698 ||| DROPPING scroll of poison.
   733 | D:2      | Reached XP level 3. HP: 21/21 MP: 4/4
   964 | D:2      | Noticed a golden eye
   970 | D:2      | Noticed an eye of devastation
   972 | D:2      | Found a faded altar of an unknown god.
   974 | D:2      | Noticed a great orb of eyes
   974 | D:2      | Noticed a shining eye
   975 | D:2      | 975 ||| UPGRADING to +0 ring mail.
   980 | D:2      | 980 ||| UPGRADING to +0 ring mail.
   986 | D:2      | 986 ||| UPGRADING to +0 ring mail.
   996 | D:2      | 996 ||| DROPPING +0 leather armour.
  1195 | D:2      | Reached XP level 4. HP: 26/26 MP: 5/5
  1243 | D:2      | Reached skill level 4 in Ranged Weapons
  1366 | D:2      | Reached skill level 1 in Armour
  1717 | D:2      | 1717 ||| UPGRADING to amulet of regeneration.
  1722 | D:2      | 1722 ||| READING scroll labelled YVYLIEDIGO.
  1723 | D:2      | 1723 ||| DRINKING 3 cyan potions.
  1724 | D:2      | 1724 ||| READING 2 scrolls of identify.
  1724 | D:2      | 1724 ||| IDENTIFYING lumpy amethyst potion
  1796 | D:3      | HP: 4/26 [gnoll/+0 flail (5)]
  1797 | D:3      | Slain by a gnoll

Levels and vault maps discovered:
D:1:      roderic_dead_forest, layout_basic
D:2:      layout_loops_corners, hellmonk_ecumenical_altar_watching_god,
          corexii_hall_statues_x
D:3:      layout_rooms, nicolae_hexahallways, serial_park_tiny_2, uniq_jessica,
          uniq_crazy_yiuf_cottage

Skill      XL: |  1  2  3  4 |
---------------+-------------+-----
Ranged Weapons | 3 4 |  4.1
Fighting       | 2 |  2.0
Armour         | 1 |  1.2
Dodging        | |  1.5
Spellcasting   | |  1.0
Hexes          | |  2.6

Action                     |  1- 3 |  4- 6 || total
---------------------------+-------+-------++-------
   Fire: Sling             |   146 |    78 ||   224
    Use: Scroll            |     2 |     2 ||     4
         Potion            |       |     1 ||     1
 Armour: Robe              |    17 |       ||    17
         Leather armour    |     9 |       ||     9
         Ring mail         |     5 |    35 ||    40
  Dodge: Dodged            |    64 |    34 ||    98

Table legend:
 A = Non-vault XP
 B = Vault XP
 C = Vault XP percentage of total XP
 D = Non-vault monster count
 E = Vault monster count
 F = Vault count percentage of total count
                 A         B        C        D         E       F
            +---------+---------+-------+---------+---------+-------
      Total |     139 |       0 |   0.0 |      54 |       0 |   0.0
            +---------+---------+-------+---------+---------+-------
        D:1 |      31 |       0 |   0.0 |      19 |       0 |   0.0
        D:2 |      98 |       0 |   0.0 |      31 |       0 |   0.0
        D:3 |      10 |       0 |   0.0 |       4 |       0 |   0.0
            +---------+---------+-------+---------+---------+-------
